 Dungeon Crawl Stone Soup version 0.29-a0-1052-g6990b1bffc (webtiles) character file.

Game seed: 9184333447192577941

75 Nedwor the Trooper (level 4, -2/35 HPs)
             Began as a Demonspawn Fighter on Aug 17, 2022.
             Killed from afar by an orc wizard (9 damage)
             ... with a magic dart
             ... on level 3 of the Dungeon.
             The game lasted 00:02:40 (1912 turns).

Nedwor the Trooper (Demonspawn Fighter)             Turns: 1912, Time: 00:02:41

Health: -2/35      AC:  7    Str: 17    XL:     4   Next: 11%
Magic:  4/4        EV: 13    Int:  9    God:
Gold:   140        SH:  5    Dex: 14    Spells: 3/3 levels left

rFire   . . .      SeeInvis .   a - +0 long sword
rCold   . . .      Faith    .   c - +0 buckler
rNeg    . . .      Spirit   .   b - +0 scale mail
rPois   .          Reflect  .   h - +0 helmet
rElec   .          Harm     .   (no cloak)
rCorr   .          Rampage  .   (no gloves)
Will    .....                   (no boots)
Stlth   ..........              (no amulet)
HPRegen 1.11/turn               f - +4 ring of evasion
MPRegen 0.18/turn               (no ring)

@: no status effects
A: claws 1, powered by death 1, magic regeneration
a: no special abilities


You were on level 3 of the Dungeon.
You visited 1 branch of the dungeon, and saw 3 of its levels.

You collected 140 gold pieces.

Inventory:

Hand Weapons
 a - a +0 long sword (weapon)
Armour
 b - a +0 scale mail (worn)
 c - a +0 buckler (worn)
 h - a +0 helmet (worn)
Jewellery
 f - a +4 ring of evasion (left claw)
 o - an amulet of regeneration
Scrolls
 e - a scroll of poison {unknown}
 g - a scroll of fear {unknown}
 j - 3 scrolls of teleportation {unknown}
 m - a scroll of identify {unknown}
Potions
 d - 2 potions of might
 i - a potion of attraction {unknown}
 k - a potion of berserk rage {unknown}
 l - 2 potions of curing {unknown}
 n - a potion of degeneration {unknown}


   Skills:
 + Level 3.4 Fighting
 * Level 2.7 Long Blades
 + Level 3.0 Armour
 + Level 1.0 Dodging
 + Level 3.1 Shields


You had 3 spell levels left.
You didn't know any spells.
Your spell library contained the following spells:

 Spells                   Type           Power      Damage    Failure   Level
 Beastly Appendage        Tmut           0%         N/A       87%         1
 Freeze                   Ice            0%         1d3       87%         1
 Shock                    Conj/Air       0%         1d3       87%         1
 Passwall                 Tmut/Erth      0%         N/A       95%         2
 Wereblood                Tmut           0%         N/A       95%         2
 Frozen Ramparts          Ice            0%         1d1       99%         3
 Inner Flame              Hex/Fire       0%         N/A       99%         3
 Spider Form              Tmut/Pois      0%         N/A       99%         3
 Stone Arrow              Conj/Erth      0%         3d7       99%         3
 Swiftness                Air            0%         N/A       99%         3
 Airstrike                Air            0%         2d(0-16)  100%        4
 Cause Fear               Hex            0%         N/A       100%        4
 Hailstorm                Conj/Ice       0%         3d3       100%        4
 Haunt                    Necr/Summ      0%         N/A       100%        7
 Monstrous Menagerie      Summ           0%         N/A       100%        7
 Discord                  Hex            0%         N/A       100%        8


Dungeon Overview and Level Annotations

Branches:
Dungeon (3/15)

Altars:
Ru

Shops:
D:2 :


Innate Abilities, Weirdness & Mutations

You have sharp fingernails.
You regenerate a little health from kills.
You regenerate magic rapidly.


Message History

The orc wizard is heavily wounded.
The orc barely misses you.
The orc wizard hits you with a +0 dagger.
The rat closely misses you. The orc hits you but does no damage.
The orc wizard closely misses you. The rat closely misses you.
Unknown command.
You miss the orc wizard.
The orc wizard is heavily wounded.
The orc hits you but does no damage. You block the orc wizard's attack.
You block the rat's attack.
You hit the orc wizard.
The orc wizard is heavily wounded.
The orc closely misses you. The orc wizard barely misses you.
The rat barely misses you.
Unknown command.
You hit the orc wizard.
The orc wizard is severely wounded.
The orc hits you with a +0 mace.
The orc wizard gestures at you while chanting.
The magic dart hits you.
* * * LOW HITPOINT WARNING * * *
The rat barely misses you.
The orc wizard gestures at you while chanting.
The magic dart hits you.
* * * LOW HITPOINT WARNING * * *
The orc hits you with a +0 mace.
* * * LOW HITPOINT WARNING * * *
The rat barely misses you.
You are too injured to fight recklessly!
Unknown command.
You are too injured to fight recklessly!
You hit the orc.
The orc is moderately wounded.
The orc hits you with a +0 mace.
* * * LOW HITPOINT WARNING * * *
You hit the orc.
You kill the orc!
The orc wizard gestures at you while chanting.
The magic dart hits you!
You die...

......## ..#
.......### #.#
.......'.. ...
.......# #.# ......#
#.###.#### .....##
#....r...# #...## #.
#o# ##'## #.# #)# #.#
#.###@# #.# #.##..#
##.## #.##.## .#
#...## #.##.##..#
.....# #........#
#...########........#
##.##)..........#####
......###########
##.####


You could see an orc wizard and a rat.

Vanquished Creatures
  2 adders
  A gnoll (D:1)
  A worm (D:2)
  A dart slug (D:2)
  2 orcs (D:3)
  6 ball pythons
  3 endoplasms (D:2)
  3 goblins
  3 hobgoblins
  4 jackals (D:1)
  2 kobolds
  A quokka (D:3)
  5 bats
  2 frilled lizards
  A rat (D:2)
37 creatures vanquished.

Notes
Turn   | Place    | Note
-------+----------+-------------------------------------------
     0 | D:1      | Nedwor the Demonspawn Fighter began the quest for the Orb.
     0 | D:1      | Reached XP level 1. HP: 18/18 MP: 1/1
    91 | D:1      | Gained mutation: You regenerate a little health from kills.
                  | [demonic ancestry]
    91 | D:1      | Reached XP level 2. HP: 19/24 MP: 2/2
   850 | D:2      | Gained mutation: You regenerate magic rapidly. [demonic
                  | ancestry]
   850 | D:2      | Reached XP level 3. HP: 29/29 MP: 3/3
   883 | D:2      | Identified the +1 robe of the Old and Reckless {Will+
                  | Str+3}
   993 | D:2      | Found a sacrificial altar of Ru.
  1054 | D:2      | Got Dispater's Secrets of Congregated Grit
  1215 | D:2      | Found Vorghotist's Book Emporium.
  1486 | D:3      | Reached skill level 1 in Dodging
  1604 | D:3      | Gained mutation: You have sharp fingernails. [demonic
                  | ancestry]
  1604 | D:3      | Reached XP level 4. HP: 28/35 MP: 4/4
  1912 | D:3      | Killed from afar by an orc wizard

Illustrated notes

Levels and vault maps discovered:
D:1:      eino_arrival_cavern_b, layout_loops_cross, nicolae_figureground_pulse
D:2:      minmay_skewed_foursquare, layout_basic, basic_altar, serial_shops,
          shop_fountains
D:3:      layout_loops_corners, grunt_temple_overflow_open

Skill      XL: |  1  2  3 |
---------------+----------+-----
Long Blades    | 2 |  2.7
Shields        | 3 |  3.1
Armour         | 3 |  3.0
Dodging        | 1 |  1.0
Fighting       | |  3.4

Action                   |  1- 3 |  4- 6 || total
-------------------------+-------+-------++-------
Melee: Long sword        |   108 |    25 ||   133
Armor: Scale mail        |    50 |     7 ||    57
Dodge: Dodged            |    72 |    27 ||    99
Block: Buckler           |    32 |     8 ||    40

Table legend: (Time is in decaauts)
 A = Elapsed time spent in this place.
 B = Non-inter-level travel time spent in this place.
 C = Inter-level travel time spent in this place.
 D = Time resting spent in this place.
 E = Time spent auto-exploring this place.
 F = Levels seen in this place.
 G = Mean time per level.
                   A        B        C        D        E       F      G
               +--------+--------+--------+--------+--------+-----+--------+
         Total |   1956 |   1905 |     51 |      0 |   1599 |   3 |  652.0 |
       Dungeon |   1956 |   1905 |     51 |      0 |   1599 |   3 |  652.0 |
               +--------+--------+--------+--------+--------+-----+--------+

Top non-repeatable levels by time:
     D:1: 809 daAuts
     D:2: 695 daAuts
     D:3: 450 daAuts
